 Dungeon Crawl Stone Soup version 0.20-a0-261-gcb1eca7 (webtiles) character file.

42 Hercules the Changer (level 3, 0/27 HPs)
             Began as a Demigod Transmuter on Dec 3, 2016.
             Succumbed to an adder's poison
             ... on level 2 of the Dungeon.
             The game lasted 00:03:10 (1121 turns).

Hercules the Changer (Demigod Transmuter)           Turns: 1121, Time: 00:03:11

Health: 0/27       AC:  2    Str: 13    XL:     3   Next: 17%
Magic:  7/8        EV: 12    Int: 19    God:
Gold:   64         SH:  0    Dex: 16    Spells: 4/5 levels left

rFire  . . .     SeeInvis .       - Unarmed
rCold  . . .     Gourm    .     b - +0 robe
rNeg   . . .     Faith    .     (no shield)
rPois  .         Spirit   .     (no helmet)
rElec  .         Reflect  .     (no cloak)
rCorr  .         Harm     .     (no gloves)
MR     .....                    (no boots)
Stlth  +.........               (no amulet)
                                (no ring)
                                (no ring)

@: lethally poisoned (0 -> -6), appendage
A: horns 2, high mp 1
a: End Transformation


You were on level 2 of the Dungeon.
You were not hungry.
You had grown temporary horns.
You visited 1 branch of the dungeon, and saw 2 of its levels.

You collected 64 gold pieces.

Inventory:

Missiles
 a - 50 arrows
Armour
 b - a +0 robe (worn)
Wands
 k - a wand of iceblast (5/15)
 l - a wand of flame (15/48)
Scrolls
 e - a scroll of recharging
 h - a scroll of remove curse
 i - a scroll of teleportation
 j - 2 scrolls of identify
Books
 c - a book of Changes

   Spells                             Type                      Level
   a - Beastly Appendage              Transmutation                1
   b - Sticks to Snakes               Transmutation                2
   c - Spider Form                    Transmutation/Poison         3
   d - Ice Form                       Ice/Transmutation            4
   e - Blade Hands                    Transmutation                5
Comestibles
 d - a bread ration
 f - a beef jerky
 g - 3 chunks of flesh


   Skills:
 - Level 0.8 Fighting
 - Level 1.7 Dodging
 - Level 2.6 Unarmed Combat
 - Level 1.7 Spellcasting
 + Level 3.4 Transmutations


You had 4 spell levels left.
You knew the following spells:

 Your Spells              Type           Power        Failure   Level  Hunger
a - Beastly Appendage     Tmut           ##....       6%          1    #......


Dungeon Overview and Level Annotations

Branches:
Dungeon (2/15)


Innate Abilities, Weirdness & Mutations

You have an increased reservoir of magic. (+10% MP)
You have a pair of horns on your head.


Message History

* * * LOW HITPOINT WARNING * * *
You feel sick. The adder bites you but does no damage.
You closely miss the adder.
The adder is almost dead.
The adder barely misses you.
You hit the adder.
You kill the adder!
You have reached level 3!
Your experience leads to a dramatic increase in your attributes!
Increase (S)trength, (I)ntelligence, or (D)exterity?
You feel clever. x2
* * * LOW HITPOINT WARNING * * *
You feel sick.
You see here an adder corpse.
You butcher the adder corpse.
* * * LOW HITPOINT WARNING * * *
You feel sick.
Things that are here:
2 chunks of flesh; an adder skeleton You die...

****,,***,,,***,*****,,,,,******,
,,,,,,,***,,* *,* *,,,,,* *,
****,,,****** *,* ***,********,
**,,,,,* *,* *,,,,,,,,,,
****,**,*****,***# *********,,
*,,,,,,,,,,,,,,,.# *,,
*,***********###.# ***** *,, *,*
#...# **,,,** *,, *,* #@#.#
*,***,****,, * *,* ♣.♣♣♣ *,*
*,,,,,,* * *,* ♣♣..♣♣*,***,******
* *,* ♣♣♣.♣**,,,** * *,* ♣♣P..♣
**,** ***** * *,* ♣P.♣♣♣ *,*
**,,,* ***,* ♣..♣♣ *,***,,,,,
,**,***########♣♣..♣♣ *,,,,,*,,,
,**,*,,.........♣♣♣.♣##***,,,,,,,


There were no monsters in sight!

Vanquished Creatures
  An adder (D:2)
  A worm (D:2)
  2 dart slugs (D:1)
  2 leopard geckos
  A ball python (D:1)
  A giant cockroach (D:1)
  2 hobgoblins (D:1)
  3 jackals (D:1)
  2 frilled lizards
  4 goblins (D:1)
  2 kobolds (D:1)
  3 rats (D:1)
24 creatures vanquished.

Notes
Turn   | Place    | Note
-------+----------+-------------------------------------------
     0 | D:1      | Hercules the Demigod Transmuter began the quest for the Orb.
     0 | D:1      | Reached XP level 1. HP: 15/15 MP: 5/5
    40 | D:1      | Reached skill level 2 in Transmutations
   376 | D:1      | Reached XP level 2. HP: 18/22 MP: 7/7
   653 | D:1      | Reached skill level 3 in Transmutations
  1117 | D:2      | Reached XP level 3. HP: 2/27 MP: 6/8
  1117 | D:2      | HP: 1/27 [poisoned by an adder]
  1121 | D:2      | Succumbed to an adder's poison

Vault maps used:
D:1:      minmay_arrival_jagged
D:2:      serial_forest, infiniplex_forest_clump_cross,
          infiniplex_forest_lined_3_way, infiniplex_forest_lined_1,
          infiniplex_forest_clump_medium, infiniplex_forest_end_1,
          infiniplex_forest_clump_small, infiniplex_forest_clump_small,
          infiniplex_forest_zigzag_2

Skill      XL: |  1  2 |
---------------+-------+-----
Transmutations | 2 3 |  3.4
Fighting       | |  0.8
Dodging        | |  1.7
Unarmed Combat | |  2.6
Spellcasting   | |  1.7

Action                   || total
-------------------------++-------
Melee: Unarmed           ||    95
       Kick              ||     8
       Punch             ||     3
 Cast: Beastly Appendage ||     4
Evoke: Wand              ||     2
  Use: Potion            ||     2
       Scroll            ||     4
  Eat: Chunk             ||     1
Armor: Robe              ||     9
Dodge: Dodged            ||    46
